General information
- name: BNet
- type: Ladder 1vs1/FFA
- host: Battle.net
- saver: iLovePom
map: TidewaterGlades
- players: 2
- length: 33:47
- speed: Fast
- version: 1.26 W3XP
- replay type: Public
» download(97 KB)
Players
team 1 (loser)
kep (
teal | 46 APM | 1561 actions | 33:45)
3 Crypt Lord
1 Carrion Beetles
1 Impale
1 Spiked Carapace
» actions
| Assign group hotkey | 12 | |
| Basic commands | 35 | |
| Build / train | 79 | |
| Enter build submenu | 14 | |
| Enter hero's abilities submenu | 3 | |
| Right click | 263 | |
| Select / deselect | 352 | |
| Select group hotkey | 752 | |
| Use ability | 51 | |
1561 total
» units
| Acolyte | 26 | |
| Ghoul | 7 | |
| Crypt Fiend | 7 | |
| Necromancer | 8 | |
| Obsidian Statue | 2 | |
| Meatwagon | 2 | |
52 total
» upgrades
| Unholy Armor | 2 | |
| Creature Carapace | 1 | |
| Backpack | 1 | |
| Exhume Corpses | 1 | |
| Skeletal Longevity | 1 | |
| Unholy Strength | 1 | |
| Skeletal Mastery | 1 | |
| Necromancer Training | 1 | |
9 total
» buildings
| Crypt | 1 | |
| Ziggurat | 8 | |
| Altar of Darkness | 1 | |
| Graveyard | 1 | |
| Nerubian Tower | 5 | |
| Tomb of Relics | 1 | |
| Halls of the Dead | 1 | |
| Spirit Tower | 3 | |
| Slaughterhouse | 1 | |
| Temple of the Damned | 1 | |
| Sacrificial Pit | 1 | |
| Black Citadel | 1 | |
25 total
» build order
00:22 Crypt
00:34 Ziggurat
00:41 Altar of Darkness
01:25 Graveyard
01:34 Ziggurat
01:47 Nerubian Tower
02:29 Nerubian Tower
04:12 Tomb of Relics
04:49 Ziggurat
05:12 Halls of the Dead
05:25 Ziggurat
05:32 Ziggurat
06:30 Spirit Tower
06:32 Spirit Tower
07:17 Ziggurat
09:01 Slaughterhouse
09:07 Temple of the Damned
09:27 Ziggurat
10:17 Spirit Tower
12:47 Sacrificial Pit
13:00 Nerubian Tower
13:03 Nerubian Tower
22:05 Ziggurat
22:33 Black Citadel
23:04 Nerubian Tower
» items
| Sacrificial Skull | 1 | |
| Potion of Lesser Invulnerability | 1 | |
| Potion of Healing | 1 | |
| Dust of Appearance | 1 | |
4 total
team 2 (winner)
iLovePom (
pink | 74 APM | 2484 actions | 33:47)
7 Paladin
3 Holy Light
3 Divine Shield
1 Resurrection
5 Dark Ranger
1 Black Arrow
3 Silence
1 Life Drain
3 Archmage
1 Summon Water Elemental
2 Brilliance Aura
» actions
| Assign group hotkey | 71 | |
| Basic commands | 114 | |
| Build / train | 127 | |
| ESC pressed | 1 | |
| Enter build submenu | 37 | |
| Enter hero's abilities submenu | 15 | |
| Give item / drop item | 8 | |
| Right click | 1106 | |
| Select / deselect | 518 | |
| Select group hotkey | 189 | |
| Use ability | 298 | |
2484 total
» units
| Peasant | 17 | |
| Footman | 12 | |
| Goblin Shredder | 1 | |
| Priest | 4 | |
| Goblin Zeppelin | 1 | |
35 total
» upgrades
| Defend | 1 | |
| Masonry | 2 | |
| Priest Training | 2 | |
| Magic Sentry | 1 | |
6 total
» buildings
| Altar of Kings | 1 | |
| Barracks | 1 | |
| Farm | 6 | |
| Scout Tower | 26 | |
| Arcane Tower | 6 | |
| Arcane Vault | 2 | |
| Keep | 1 | |
| Lumber Mill | 1 | |
| Town Hall | 3 | |
| Guard Tower | 10 | |
| Castle | 1 | |
| Arcane Sanctum | 3 | |
| Gryphon Aviary | 2 | |
| Blacksmith | 2 | |
65 total
» build order
00:04 Altar of Kings
00:07 Barracks
00:16 Farm
01:08 Farm
01:29 Scout Tower
02:12 Arcane Tower
02:12 Arcane Tower
02:12 Arcane Tower
02:40 Farm
03:02 Arcane Vault
04:21 Keep
04:25 Lumber Mill
04:29 Farm
06:09 Town Hall
06:13 Scout Tower
06:14 Scout Tower
06:15 Scout Tower
06:16 Scout Tower
06:40 Scout Tower
06:43 Scout Tower
06:44 Scout Tower
07:01 Guard Tower
07:04 Scout Tower
07:04 Scout Tower
07:08 Arcane Tower
07:09 Guard Tower
08:05 Guard Tower
08:29 Guard Tower
09:04 Arcane Vault
09:19 Guard Tower
11:25 Castle
11:44 Town Hall
15:50 Arcane Sanctum
15:53 Arcane Sanctum
15:57 Scout Tower
15:58 Scout Tower
16:00 Scout Tower
16:00 Scout Tower
16:01 Scout Tower
16:02 Scout Tower
17:57 Gryphon Aviary
17:58 Gryphon Aviary
19:02 Arcane Sanctum
20:38 Arcane Tower
20:39 Guard Tower
20:41 Scout Tower
21:11 Farm
22:13 Guard Tower
22:21 Blacksmith
22:22 Blacksmith
28:02 Town Hall
28:10 Scout Tower
28:11 Scout Tower
28:11 Scout Tower
29:58 Arcane Tower
30:00 Scout Tower
30:00 Scout Tower
30:01 Scout Tower
30:41 Guard Tower
31:35 Guard Tower
31:36 Scout Tower
31:37 Scout Tower
31:38 Scout Tower
33:18 Guard Tower
33:31 Farm
» items
| Scroll of Regeneration | 8 | |
| Lesser Clarity Potion | 14 | |
| Boots of Speed | 2 | |
| Staff of Teleportation | 1 | |
| Potion of Invisibility | 2 | |
| Potion of Lesser Invulnerability | 4 | |
| Potion of Healing | 3 | |
| Orb of Fire | 2 | |
| Scroll of Town Portal | 3 | |
| Potion of Mana | 4 | |
| Periapt of Vitality | 2 | |
| Staff of Sanctuary | 1 | |
| Tome of Retraining | 1 | |
47 total
Chat log
(07:56 / All) iLovePom: nice creep jack?
(08:54 / All) iLovePom: how have you played so many games?
(09:00 / All) iLovePom: how is it possible?
(11:11 / All) iLovePom: can i have your autograph?
(11:17 / All) iLovePom: youre the worst warcraft 3 player that ever lived
(14:44 / All) iLovePom: wow
(14:47 / All) iLovePom: youre horrible
(15:16 / All) iLovePom: how...can someone be this bad...
(19:37 / All) iLovePom: your whole plan is to spam summons
(19:39 / All) iLovePom: really?
(21:58 / All) iLovePom: lalala
(22:35 / All) iLovePom: free experience :)
(23:58 / All) iLovePom: you cant save it.
(24:41 / All) iLovePom: more please
(25:14 / All) iLovePom: i said more, faggot
(27:00 / All) iLovePom: LOL
(28:52 / All) iLovePom: easy easy easy
(29:53 / All) iLovePom: HAHA TOO STRONG
(30:39 / All) iLovePom: lolololol
(30:57 / All) iLovePom: 4th mine :)
(32:07 / All) iLovePom: 19000 gold
(32:09 / All) iLovePom: damn
(32:11 / All) iLovePom: you suck
(33:23 / All) iLovePom: youre good at running away
(33:35 / All) kep: FUCK BITCH CHEATING FUCK
(33:36 / All) iLovePom: lmfao
(33:38 / All) iLovePom: so mad?
(33:43 / All) iLovePom: im not cheating, you just suck
(33:45 / All) iLovePom: now get angry and leave.